← All builds
Tech / Armada / Economy first / OBSERVED BUILD

Standard tech

Armada Tech (Eco) build order · Supreme Isthmus

Rushes T2 by 4:15, gets Advanced Metal Extractor around 5:28, hands off T2 constructors to Geo and the team, then scales eco and supplies the team's T2 needs through the rest of the game.

Usually first T2 con to Geo (83%)

#eco #t2 #team support · 1579 distinct matches · 255 players · 58% of Armada Tech games · team won 53% of 1874 · Recently observed

HOW TO PLAY IT

Key timing: T2 factory by 4:15

  1. Open 3 mex and heavy wind to fund a fast T2 rush.
  2. Put down Bot Lab, planning to eat it for reclaim soon after.
  3. Get Advanced Bot Lab up, hitting the T2 factory rush timing.
  4. Upgrade mex to Advanced Metal Extractor to lock in team metal income.
  5. Eat Advanced Bot Lab and keep sending cons to Geo and Pond.

Phase by phase

TYPICAL OF ITS 1579 GAMES
  1. 1
  2. 2
  3. 3
  4. 4
PLAY THE OPENING

Follow the example game's first 6:00 step by step: what to build now, what comes next, and where it goes. At 1× it keeps pace with your own game.

  1. 1

    Up to the Bot Lab

    Economy
    • Metal Extractor3Mex
    • Wind Turbine4Wind
    Order
    1. Bot LabBot Lab after 3 mex, 4 winddone ~1:18, middle half 1:13–1:32

    Some games also: energy storage (31%)

    By 1:01 in all: 3 mex · 4 wind

    The example game in this phase · 3 steps
    1. Mex ×3
    2. Wind ×4
    3. Bot LabBot Labdone 1:14 · typical 1:18
  2. 2

    Bot Lab to Advanced Bot Lab

    Economy
    • Metal Extractor1Mex
    • Wind Turbine8Wind
    • Energy Storage1Energy storage
    Order
    1. Advanced Bot LabAdvanced Bot Lab after 4 mex, 12 wind, 3 con turretdone ~4:16, middle half 4:04–4:30
    Builders
    • Construction Turret3 Con turret
    • Lazarus3 Lazarus
    • Construction Bot2 Con bot
    • Construction Bot1 Con bot for allies

    Some games also: converter (36%)

    By 3:18 in all: 4 mex · 12 wind · 1 energy storage · 3 con turret

    The example game in this phase · 19 steps
    1. Wind
    2. LazarusLazarus
    3. Construction BotCon bot
    4. Wind ×2
    5. LazarusLazarus
    6. Energy storage
    7. Construction BotCon botfor Air
    8. Wind
    9. Mex
    10. Wind
    11. LazarusLazarus
    12. Con turret
    13. Construction BotCon bot
    14. LazarusLazarus ×2
    15. Con turret
    16. Wind ×3
    17. Con turret
    18. Wind
    19. Advanced Bot LabAdvanced Bot Labdone 4:44 · typical 4:16
  3. 3

    Advanced Bot Lab to 5:00

    Economy
    • Wind Turbine3Wind
    Order
    1. Bot LabEat Bot Lab
    Builders
    • Advanced Construction Bot1 T2 con bot for allies

    Some games also: converter (35%)

    By 5:00 in all: 4 mex · 15 wind · 1 converter · 1 energy storage · 3 con turret

    The example game in this phase · 9 steps
    1. Wind
    2. Converter
    3. Wind ×2
    4. Converter
    5. Bot LabEat Bot Labreclaimed for its metal
    6. Converter
    7. Wind ×2
    8. Advanced Construction BotT2 con botfor Geo
    9. Wind
  4. 4

    5:00 to 10:00

    Economy
    • Wind Turbine43Wind
    • Energy Converter6Converter
    Builders
    • Butler9 Butler
    • Advanced Construction Bot4 T2 con bot for allies
    • Advanced Construction Bot1 T2 con bot

    Some games also: con turret (43%) · Butler for allies (36%)

    By 10:00 in all: 4 mex · 58 wind · 8 converter · 1 energy storage · 3 con turret

    The example game in this phase · 134 steps
    1. Advanced Metal ExtractorT2 mexdone 5:34 · typical 5:29
    2. Wind ×2
    3. Advanced Construction BotT2 con botfor Air
    4. Wind ×3
    5. Advanced Metal ExtractorT2 mex
    6. Converter ×4
    7. Advanced Construction BotT2 con botfor Beach sea
    8. Converter
    9. ButlerButler ×2
    10. Advanced Metal ExtractorT2 mex
    11. Advanced Construction BotT2 con botfor Geo sea
    12. Wind
    13. ButlerButler
    14. Wind
    15. ButlerButler ×2
    16. Wind ×2
    17. ButlerButler
    18. Wind ×4
    19. Advanced Metal ExtractorT2 mex
    20. Wind ×3
    21. Advanced Construction BotT2 con botfor Pond
    22. ButlerButlerfor Geo sea
    23. Wind ×3
    24. ButlerButlerfor Geo sea
    25. Wind ×9
    26. ButlerButler
    27. Wind ×2
    28. ButlerButler
    29. Wind ×2
    30. Advanced Construction BotT2 con botfor Front
    31. Wind ×2
    32. Converter
    33. Wind ×5
    34. Con turret
    35. Wind ×2
    36. Converter
    37. Wind ×6
    38. Converter ×2
    39. Wind ×6
    40. Con turret
    41. Wind ×2
    42. Advanced Construction BotT2 con bot
    43. Wind ×4
    44. Con turret
    45. Wind ×12
    46. Fusion ReactorFusiondone 11:55
    47. Wind ×14
    48. T2 converter
    49. Wind ×3
    50. Con turret
    51. Wind ×2
    52. Advanced Bot LabEat Advanced Bot Labreclaimed for its metal
    53. Wind ×2
    54. Con turret
    55. Wind ×5
    56. Con turret
    57. Wind ×4
    58. Con turret
    59. Wind ×3
    60. Con turret
    61. Wind ×15
    62. CitadelAnti-nukedone 13:42
    63. Wind ×3
    64. T2 converter
    65. Wind ×8
    66. Con turret
    67. Wind ×2
    68. Con turret
    69. Wind ×3
    70. Con turret
    71. Wind ×3
    72. Con turret
    73. Wind ×3
    74. Con turret
    75. Wind
    76. Con turret
    77. Wind ×4
    78. Con turret
    79. Dragon's TeethDragon's Teeth
    80. Wind
    81. Con turret
    82. Wind ×3
    83. Dragon's TeethDragon's Teeth ×2
    84. T2 converter
    85. Wind ×2
    86. Con turret
    87. Dragon's TeethDragon's Teeth
    88. Wind ×2
    89. Dragon's TeethDragon's Teeth
    90. Con turret
    91. Wind ×4
    92. Dragon's TeethDragon's Teeth ×2
    93. Wind ×2
    94. T2 converter
    95. Wind
    96. Dragon's TeethDragon's Teeth
    97. Wind ×9
    98. T2 converter
    99. Wind ×4
    100. Dragon's TeethDragon's Teeth
    101. Wind ×3
    102. Dragon's TeethDragon's Teeth
    103. Wind ×4
    104. Dragon's TeethDragon's Teeth
    105. Wind
    106. Dragon's TeethDragon's Teeth
    107. Fusion ReactorFusion
    108. Wind ×2
    109. Dragon's TeethDragon's Teeth
    110. Wind
    111. Dragon's TeethDragon's Teeth
    112. Wind
    113. Hardened Energy Storage
    114. Dragon's TeethDragon's Teeth
    115. Wind ×3
    116. Dragon's TeethDragon's Teeth
    117. Wind ×2
    118. Dragon's TeethDragon's Teeth
    119. T2 converter
    120. Wind ×3
    121. Dragon's TeethDragon's Teeth
    122. Wind
    123. Dragon's TeethDragon's Teeth
    124. Wind ×2
    125. Dragon's TeethDragon's Teeth
    126. T2 converter
    127. Wind ×2
    128. Dragon's TeethDragon's Teeth
    129. Wind ×3
    130. Dragon's TeethDragon's Teeth
    131. T2 converter
    132. Wind ×3
    133. Dragon's TeethDragon's Teeth
    134. Wind ×8

Counts are medians over the build's games: half of them build more, half fewer. The example game is Vaticineur's (32 OS, 10/10/2026); pick another.

Team trades

IN AT LEAST 30% OF ITS GAMES

You hand over

  • Construction Bot1 Con bot to Airfirst at 2:23 · in 84% of games
  • Advanced Construction Bot5 T2 con bot to Air or Geo sea or Pondfirst at 4:50 · in 99% of games
  • Butler2 Butler to Geo sea or Beach sea or Pondfirst at 9:07 · in 42% of games

You get

  • Hercules1 Light transport from Airfirst at 4:01 · in 86% of games

How it plays out

Typical game of this build, running totals by minute

Metal produced

020k40k
0:005:0010:0015:00

metal

Enemy metal destroyed

050100
0:005:0010:0015:00

metal

Own metal lost

050100150
0:005:0010:0015:00

metal

1874 games.

Show as table
ByMetal produced: This buildEnemy metal destroyed: This buildOwn metal lost: This build
1:0038300
2:0091500
3:00165100
4:00314400
5:00484700
6:00580000
7:00722700
8:00906100
9:001117300
10:001350300
11:001624200
12:001965600
13:002344500
14:0027362073
15:003154285130
WHAT THE NUMBERS SAY

Standard Tech play barely fights at all early, instead pouring metal into T2 infrastructure and constructors for the team.

  • + Metal produced hits 31679 by 15:00, by far the highest of any role here.
  • + T2 factory reached in 97% of games by 4:15, fastest and most reliable T2 timing.
  • − Enemy metal destroyed stays at 0 through 10:00, no early offense at all.
  • − Own metal lost also near 0, showing total avoidance of combat risk.
THE EXAMPLE YOU ARE READING

Vaticineur

32.4 OS · 10/10/2026

Open source match ↗

1 received units
3161 metal received · 38753 energy received

Allied construction assistance is unknown. Timings are observations, not a promise of solo reproducibility.

Typical milestones

Bot Lab1:18Middle 50%: 1:13–1:32 · n=1874
Advanced Bot Lab4:16Middle 50%: 4:04–4:30 · n=1867
Advanced Metal Extractor5:29Middle 50%: 5:05–5:59 · n=1870

Played most by

Amrissa93games of this buildTheGeneraI66games of this buildAdeus57games of this buildEl_Turco56games of this buildKOT_43games of this build